Map: Dédale EC

Players

Elazer - Winner!

  • Race: Zerg Zerg
  • Spawn Location: 7:00

ShaDoWn

  • Race: Protoss Protoss
  • Spawn Location: 1:00

Event: WCS Valencia 2018

VOD

Have the link to the VOD?

Description

Time

  • Played on: July 12, 2018, 10:25 a.m.
  • Length: 13:06

All games in this series

Show
View Real Time Build Order
Export as new Build Order

Elazer Zerg - Winner!

Build Orders: Hatch First, Ravager All-In 

Get SALT Encoding   

  12  0:00  Drone  
  13  0:12  Overlord  
  13  0:16  Drone  
  14  0:30  Drone x2  
  16  0:47  Hatchery  
  15  0:50  Drone  
  15  0:54  Drone  
  18  0:57  Drone  
  18  1:07  Extractor  
  17  1:12  Spawning Pool  
  17  1:15  Drone  
  17  1:23  Drone  
  18  1:30  Drone  
  19  1:42  Drone  
  20  1:53  Drone  
  21  1:59  Roach Warren  
  20  2:09  Drone x2  
  20  2:10  Drone  
  23  2:19  Overlord  
  23  2:26  Queen  
  25  2:39  Roach x3  
  25  2:43  Extractor, Roach  
  32  2:45  Roach  
  32  2:49  Roach  
  36  2:58  Overlord  
  36  3:06  Overlord  
  36  3:15  Queen  
  38  3:24  Ravager x2  
  38  3:25  Drone  
  38  3:27  Overlord  
  41  3:30  Ravager  
  42  3:46  Drone  
  43  3:52  Ravager  
  41  3:58  Ravager  
  41  4:01  Queen  
  41  4:19  Roach x3  
  47  4:31  Roach  
  47  4:32  Roach x2, Hatchery  
  47  4:38  Drone  
  50  4:48  Metabolic Boost  
  50  4:50  Drone  
  51  4:55  Drone  
  52  5:04  Lair  
  52  5:08  Drone  
  52  5:09  Drone  
  52  5:11  Overlord  
  54  5:16  Overlord  
  54  5:20  Overlord  
  52  5:38  Drone x4  
  54  5:43  Extractor  
  54  5:45  Extractor  
  54  5:47  Drone x2  
  54  5:54  Zergling x2  
  55  5:57  Zergling x2  
  55  6:03  Spire  
  55  6:06  Zergling x8  
  55  6:08  Zergling x2  
  60  6:15  Zergling x2  
  60  6:16  Zergling x4  
  60  6:18  Zergling x2  
  64  6:20  Overseer  
  64  6:27  Zergling x4  
  64  6:31  Overlord  
  66  6:36  Zergling x2  
  66  6:39  Overlord  
  67  6:46  Zergling x2  
  68  6:47  Zergling x2  
  64  7:17  Mutalisk x6  
  76  7:25  Drone x3  
  76  7:28  Drone  
  79  7:33  Zerg Flyer Weapons Level 1  
  79  7:36  Drone  
  80  7:38  Drone  
  81  7:46  Drone x2  
  81  7:47  Drone  
  84  8:04  Mutalisk x3  
  90  8:18  Hatchery  
  89  8:20  Mutalisk  
  89  8:25  Overlord  
  91  8:35  Overlord  
  91  8:45  Drone x8  
  99  9:02  Mutalisk x5  
  97  9:08  Mutalisk  
  102  9:13  Drone x3  
  102  9:14  Drone  
  102  9:16  Drone  
  107  9:22  Drone  
  108  9:34  Drone x4  
  108  9:36  Drone  
  113  9:40  Drone  
  113  9:43  Hatchery  
  113  9:50  Overlord  
  112  9:54  Hatchery  
  112  9:55  Overlord  
  112  10:01  Overlord  
  112  10:13  Mutalisk x9  
  128  10:27  Mutalisk x3  
  134  10:29  Overlord x2  
  134  10:30  Drone x3  
  134  10:33  Extractor, Overlord  
  134  10:34  Extractor, Drone x2  
  137  10:45  Overlord  
  137  10:56  Drone x8  
  144  11:09  Drone x4  
  144  11:10  Drone x2  
  148  11:12  Drone x3  
  148  11:14  Hydralisk Den  
  148  11:15  Zergling x2  
  148  11:16  Zergling x6  
  154  11:22  Zergling x4  
  156  11:26  Baneling Nest  
  137  11:40  Hatchery  
  137  11:45  Muscular Augments, Hydralisk x11  
  158  11:53  Hydralisk x5  
  167  12:06  Overlord x2  
  167  12:07  Overlord  
  162  12:13  Hydralisk x7  
  166  12:15  Zergling x4  
  166  12:18  Queen x2  
  166  12:19  Queen  
  166  12:22  Hydralisk  
  161  12:23  Hydralisk  
  161  12:24  Zergling x2  
  161  12:25  Zergling x4  
  153  12:32  Hydralisk x4  
  152  12:39  Zergling x10  
Show
View Real Time Build Order
Export as new Build Order

ShaDoWn Protoss 

Build Orders:  

Get SALT Encoding   

  12  0:00  Probe  
  13  0:12  Probe  
  14  0:19  Pylon  
  14  0:24  Probe  
  15  0:34  Probe  
  16  0:43  Probe  
  16  0:44  Forge  
  17  0:53  Probe  
  17  0:55  Pylon  
  18  1:05  Probe  
  19  1:37  Gateway  
  19  1:41  Gateway  
  19  1:43  Pylon  
  19  1:45  Probe, Pylon  
  19  1:47  Photon Cannon  
  19  1:53  Probe  
  21  2:01  Probe  
  21  2:03  Photon Cannon  
  21  2:04  Photon Cannon  
  22  2:12  Photon Cannon  
  22  2:17  Photon Cannon  
  22  2:18  Photon Cannon  
  22  2:20  Probe  
  23  2:23  Assimilator  
  23  2:27  Assimilator  
  23  2:32  Probe  
  24  2:38  Cybernetics Core  
  24  2:41  Pylon  
  24  2:44  Probe  
  25  3:05  Stalker  
  25  3:06  Nexus  
  25  3:17  Warp Gate  
  27  3:27  Shield Battery  
  27  3:39  Shield Battery  
  27  3:44  Robotics Facility  
  27  3:46  Probe  
  27  3:47  Stalker  
  28  3:53  Shield Battery  
  28  4:00  Probe  
  31  4:13  Probe  
  32  4:21  Immortal  
  32  4:22  Probe  
  33  4:25  Probe  
  34  4:34  Probe  
  39  4:39  Pylon  
  39  4:47  Immortal  
  39  4:50  Pylon  
  39  4:57  Probe  
  40  5:00  Gateway  
  40  5:02  Gateway, Probe  
  45  5:09  Shield Battery  
  45  5:14  Probe x2  
  45  5:17  Warp Prism  
  47  5:22  Gateway  
  49  5:35  Probe  
  50  5:38  Gateway  
  51  5:44  Gateway  
  51  5:45  Gateway  
  51  5:48  Pylon  
  50  5:58  Sentry  
  50  5:59  Sentry  
  50  6:03  Pylon  
  54  6:06  Probe x2  
  54  6:08  Observer  
  57  6:12  Pylon  
  57  6:16  Photon Cannon  
  57  6:18  Probe  
  57  6:19  Pylon  
  57  6:23  Sentry  
  57  6:24  Sentry x2  
  64  6:31  Probe  
  66  6:34  Pylon  
  65  6:42  Adept x3  
  65  6:49  Immortal  
  57  7:06  Shield Battery, Stalker x3  
  57  7:07  Shield Battery  
  63  7:18  Zealot x3  
  63  7:19  Immortal  
  63  7:20  Shield Battery  
  63  7:21  Shield Battery  
  69  7:24  Pylon  
  69  7:27  Assimilator  
  69  7:28  Probe, Assimilator  
  69  7:29  Probe  
  75  7:38  Adept x4  
  75  7:41  Probe  
  84  7:54  Sentry, Zealot  
  88  8:01  Shield Battery  
  88  8:05  Shield Battery  
  86  8:06  Photon Cannon  
  86  8:09  Stalker x3  
  86  8:15  Photon Cannon  
  82  8:20  Warp Prism  
  82  8:26  Stalker  
  86  8:37  Sentry x2  
  89  8:43  Probe  
  90  8:50  Stargate  
  90  9:09  Nexus  
  90  9:11  Pylon  
  90  9:13  Pylon  
  90  9:19  Stargate  
  88  9:25  Phoenix  
  88  9:29  Probe x2  
  89  9:36  Stalker x3  
  97  9:42  Phoenix  
  99  9:54  Phoenix  
  99  10:04  Nexus  
  99  10:05  Phoenix  
  101  10:09  Pylon  
  97  10:18  Phoenix  
  92  10:30  Phoenix  
  94  10:38  Pylon  
  94  10:42  Phoenix  
  94  10:46  Probe  
  97  10:54  Phoenix  
  92  11:01  Phoenix  
  92  11:03  Probe  
  89  11:11  Probe, Phoenix  
  86  11:12  Assimilator  
  86  11:15  Shield Battery, Probe  
  87  11:20  Probe  
  87  11:22  Phoenix  
  87  11:23  Probe  
  91  11:31  Phoenix  
  85  11:35  Probe  
  85  11:39  Probe, Phoenix  
  85  11:51  Sentry  
  85  11:52  Sentry  
  91  11:55  Adept  
  91  11:56  Adept  
  84  12:10  Adept x2  
  70  12:32  Adept x3  
Tags
 
Add a new tag
Caveats
  • Supply blocks, unpowered buildings, or Contaminate may cause inaccurate times.
  • Supply counts are checked every 10 seconds.